 Dungeon Crawl Stone Soup version 0.31-a0-702-gf82c85558f (webtiles) character file.

Game seed: 16219650075510976390

165 qw the Shooter (level 5, 0/32 HPs)
             Began as a Gargoyle Hunter on Sept 8, 2023.
             Slain by Grinder (8 damage)
             ... on level 3 of the Dungeon.
             The game lasted 00:01:02 (2059 turns).

qw the Shooter (Gargoyle Hunter)                    Turns: 2059, Time: 00:01:03

Health: 0/32       AC:  7    Str: 15    XL:     5   Next: 46%
Magic:  5/5        EV: 11    Int:  9    God:
Gold:   100        SH:  0    Dex: 15    Spells: 4/4 levels left

rFire   . . .        Y - +0 shortbow
rCold   . . .        (shield currently unavailable)
rNeg    + . .        c - +0 leather armour
rPois   inf          (no helmet)
rElec   +            (no cloak)
rCorr   .            (no gloves)
SInv    .            (no boots)
Will    .....        f - amulet of the acrobat
Stlth   ++           (no ring)
HPRegen 0.25/turn    (no ring)
MPRegen 0.09/turn

%: acrobat
@: no status effects
A: sickness immunity, AC +4, negative energy resistance 1, electricity
resistance, torment resistance 1, petrification resistance
a: no special abilities


You were on level 3 of the Dungeon.
You visited 1 branch of the dungeon, and saw 3 of its levels.

You collected 100 gold pieces.


Innate Abilities, Weirdness & Mutations

You are immune to sickness and miasma.
Your stone body is resilient. (AC +4)
You are immune to poison.
You resist negative energy. (rN+)
You are resistant to electric shocks. (rElec)
You are resistant to unholy torment.
You are immune to petrification.


   Skills:
 + Level 3.2 Fighting
 - Level 6.1 Ranged Weapons
 - Level 1.5 Dodging
 - Level 1.1 Stealth


You had 4 spell levels left.
You didn't know any spells.
Your spell library was empty.

Inventory:

Hand Weapons
 Y - a +0 shortbow (weapon)
Armour
 c - a +0 leather armour (worn)
 h - a +0 ring mail
Jewellery
 f - an amulet of the acrobat (around neck)
Scrolls
 a - a scroll of acquirement {unknown}
 g - a scroll of identify
Potions
 b - a potion of curing
 d - a potion of berserk rage {unknown}
 e - a potion of enlightenment
 i - a potion of degeneration {unknown}

Dungeon Overview and Level Annotations

Branches:
Dungeon (3/15)

Altars:
Makhleb
The Shining One

Annotations:
D:3 Grinder


Message History

You kill the hobgoblin!
You see here a hobgoblin corpse.
Grinder comes into view.
Grinder shouts!
Grinder gestures at you. Pain shoots through your body!
You shoot an arrow. The arrow barely misses Grinder.
You shoot an arrow.
The arrow hits Grinder but does no damage.
Grinder blinks!
2045 ||| FLEEEEING.
2046 ||| STILL FLEEEEING.
2047 ||| STILL FLEEEEING.
2048 ||| STILL FLEEEEING.
You shoot an arrow. The arrow hits Grinder.
Grinder is lightly wounded.
You shoot an arrow.
The arrow hits Grinder but does no damage.
Grinder is lightly wounded.
You shoot an arrow.
The arrow hits Grinder but does no damage.
Grinder is lightly wounded.
Grinder gestures at you.
You suddenly lose the ability to move!
Grinder hits you.
You writhe in agony.
Grinder hits you.
You writhe in agony.
You can move again.
You shoot an arrow. The arrow hits Grinder.
Grinder is lightly wounded.
Grinder hits you! Grinder hits you.
You shoot an arrow. The arrow barely misses Grinder.
Grinder hits you.
You writhe in agony.
You shoot an arrow. The arrow barely misses Grinder.
Grinder barely misses you.
You shoot an arrow. The arrow hits Grinder.
Grinder is moderately wounded.
Grinder says, "FISH!"
Grinder hits you!
You die...
Grinder says, "Now the real fun starts!"

##### #.#
#.#..#.#.# ..
#.#..#.#.# #.
#.#..#.#.# #5
#.#..#.#.# #.
#.#....#.# #.
#.#.####.# #.
#.#.. ..#
#.############.##
###
#....5@......%.#
################


You could see Grinder.

Vanquished Creatures
  Natasha (twice) (D:3)
  2 adders (D:2)
  3 worms
  5 dart slugs
  6 orcs
  6 bats
  9 endoplasms
  2 giant cockroaches
  3 goblins
  9 hobgoblins
  3 quokkas
  8 ball pythons
  4 frilled lizards
  2 kobolds (D:2)
  5 rats
69 creatures vanquished.

Notes
Turn   | Place    | Note
-------+----------+-------------------------------------------
     0 | D:1      | qw the Gargoyle Hunter began the quest for the Orb.
     0 | D:1      | Reached XP level 1. HP: 12/12 MP: 1/1
     0 | D:1      | 0 ||| qw: Version: 0.3-a-76-g4403597
     0 | D:1      | 0 ||| qw: Game counter: 1209
     0 | D:1      | 0 ||| qw: Melee chars always use a shield: true
     0 | D:1      | 0 ||| qw: God list: Okawaru
     0 | D:1      | 0 ||| qw: Allow faded altars: false
     0 | D:1      | 0 ||| qw: Do Orc after clearing Dungeon:15 true
     0 | D:1      | 0 ||| qw: Do second Lair branch before Depths: true
     0 | D:1      | 0 ||| qw: Lair rune preference: random
     0 | D:1      | 0 ||| qw: Goals: Normal
     0 | D:1      | 0 ||| PLANNING D:1-11
    68 | D:1      | Reached XP level 2. HP: 17/17 MP: 2/2
   217 | D:1      | Reached XP level 3. HP: 21/21 MP: 3/3
   239 | D:1      | Reached skill level 5 in Ranged Weapons
   443 | D:1      | 443 ||| DROPPING scarf of invisibility.
   444 | D:1      | 444 ||| READING scroll labelled GADUORHIBA.
   445 | D:1      | 445 ||| READING 2 scrolls labelled DAELOT INTOATEBRADD.
   446 | D:1      | 446 ||| DROPPING scroll of butterflies.
   654 | D:2      | Reached skill level 3 in Fighting
   863 | D:2      | Reached XP level 4. HP: 28/28 MP: 4/4
   964 | D:2      | Found a burning altar of Makhleb.
  1315 | D:2      | 1315 ||| UPGRADING to amulet of the acrobat.
  1320 | D:2      | 1320 ||| READING scroll labelled DAOJ CO ICKIAH.
  1321 | D:2      | 1321 ||| READING scroll labelled MOADUIHIRO.
  1322 | D:2      | 1322 ||| READING 3 scrolls of identify.
  1322 | D:2      | 1322 ||| IDENTIFYING brown potion
  1323 | D:2      | 1323 ||| READING 2 scrolls of identify.
  1323 | D:2      | 1323 ||| IDENTIFYING bubbling green potion
  1429 | D:3      | Found a glowing golden altar of the Shining One.
  1617 | D:3      | Noticed Natasha
  1624 | D:3      | 1624 ||| Stepping ~*~*~tactically~*~*~ (retreating).
  1625 | D:3      | 1625 ||| Stepping ~*~*~tactically~*~*~ (retreating).
  1641 | D:3      | Killed Natasha
  1642 | D:3      | Reached XP level 5. HP: 16/32 MP: 5/5
  1792 | D:3      | Noticed Natasha
  1803 | D:3      | Killed Natasha
  1804 | D:3      | Reached skill level 6 in Ranged Weapons
  2042 | D:3      | Noticed Grinder
  2045 | D:3      | 2045 ||| FLEEEEING.
  2051 | D:3      | Paralysed by Grinder for 5 turns
  2057 | D:3      | HP: 7/32 [Grinder (2)]
  2059 | D:3      | Slain by Grinder

Levels and vault maps discovered:
D:1:      lightli_arrival_lavapool, layout_rooms
D:2:      minmay_spotlight, layout_loops_cross, basic_altar,
          grunt_decor_fettered, kennysheep_boxes
D:3:      layout_basic, mainiacjoe_overflow_tiny_flanked, uniq_natasha,
          uniq_grinder

Skill      XL: |  1  2  3  4  5 |
---------------+----------------+-----
Ranged Weapons | 5 6 |  6.1
Fighting       | 3 |  3.2
Dodging        | |  1.5
Stealth        | |  1.1

Action                     |  1- 3 |  4- 6 || total
---------------------------+-------+-------++-------
   Fire: Shortbow          |   130 |   152 ||   282
    Use: Scroll            |     2 |     4 ||     6
 Armour: Leather armour    |    35 |    63 ||    98
  Dodge: Dodged            |    47 |    52 ||    99

Table legend:
 A = Non-vault XP
 B = Vault XP
 C = Vault XP percentage of total XP
 D = Non-vault monster count
 E = Vault monster count
 F = Vault count percentage of total count
                 A         B        C        D         E       F
            +---------+---------+-------+---------+---------+-------
      Total |     194 |      42 |  17.8 |      65 |       4 |   5.8
            +---------+---------+-------+---------+---------+-------
        D:1 |      45 |       0 |   0.0 |      26 |       0 |   0.0
        D:2 |      60 |       5 |   7.7 |      17 |       3 |  15.0
        D:3 |      89 |      37 |  29.4 |      22 |       1 |   4.3
            +---------+---------+-------+---------+---------+-------
